 Dungeon Crawl Stone Soup version 0.32-a0-928-g1cae6b7ea0 (webtiles) character file.

Game seed: 785209521469747664

811 Autsider the Apothecary (level 7, 0/35 HPs)
             Began as a Spriggan Alchemist on Apr 12, 2024.
             Killed from afar by an electric eel (15 damage)
             ... with a bolt of electricity
             ... on level 5 of the Dungeon.
             The game lasted 00:09:48 (5208 turns).

Autsider the Apothecary (Spriggan Alchemist)        Turns: 5208, Time: 00:09:48

Health: 0/35       AC:  3    Str:  4    XL:     7   Next: 61%
Magic:  10/14      EV: 17    Int: 18    God:
Gold:   299        SH:  0    Dex: 22    Spells: 5/14 levels left

rFire   . . .        m - staff of alchemy
rCold   . . .        (shield currently unavailable)
rNeg    . . .        a - +0 robe
rPois   +            (helmet restricted)
rElec   .            d - +0 cloak
rCorr   .            (gloves unavailable)
SInv    +            (boots unavailable)
Will    +....        (no amulet)
Stlth   +++          g - +6 ring of dexterity
HPRegen 0.25/turn    (no ring)
MPRegen 0.14/turn

%: no passive effects
@: radiating poison, very quick
A: very small, no large weapons, unfitting armour, see invisible, speed 3
a: no special abilities


You were on level 5 of the Dungeon.
You visited 2 branches of the dungeon, and saw 6 of its levels.

You collected 299 gold pieces.

Inventory:

Hand Weapons
 h - a +1 short sword of electrocution
 A - a +0 arbalest
Armour
 a - a +0 robe (worn)
 d - a +0 cloak (worn)
Magical Staves
 m - a staff of alchemy (weapon)
Jewellery
 g - a +6 ring of dexterity (left hand)
 p - an amulet of guardian spirit
Wands
 o - a wand of paralysis (14)
 q - a wand of light (13)
 C - a wand of flame (15)
Scrolls
 e - 4 scrolls of teleportation {@r2}
 f - a scroll of enchant armour
 k - 2 scrolls of acquirement
 n - 2 scrolls of noise {unknown}
 r - a scroll of enchant weapon {unknown}
 t - a scroll of poison {unknown}
 v - 2 scrolls of blinking {unknown}
 w - a scroll of identify {@r1}
 x - a scroll of immolation {unknown}
 y - a scroll of torment {unknown}
Potions
 b - a potion of magic
 c - a potion of berserk rage {unknown}
 i - a potion of attraction {unknown}
 j - 2 potions of brilliance {unknown}
 l - 2 potions of curing
 s - a potion of degeneration {unknown}
 u - a potion of mutation {unknown}
 z - a potion of haste {unknown}
 B - a potion of heal wounds {unknown}


   Skills:
 + Level 2.8 Fighting
 - Level 1.8 Maces & Flails
 - Level 3.0 Dodging
 - Level 3.0 Stealth
 + Level 4.0 Spellcasting
 - Level 0.6 Conjurations
 + Level 2.7 Fire Magic
 + Level 6.8 Alchemy


You had 5 spell levels left.
You knew the following spells:

 Your Spells              Type           Power      Damage    Failure   Level
a - Sting                 Conj/Alch      100%       1d9       3%          1
b - Olgreb's Toxic Radia  Alch           42%        N/A       9%          4
c - Sticky Flame          Fire/Alch      31%        2d7       21%         4

Your spell library contained the following spells:

 Spells                   Type           Power      Damage    Failure   Level
 Mercury Vapours          Alch/Air       48%        N/A       5%          2
 Mephitic Cloud           Conj/Alch/Air  18%        N/A       16%         3
 Summon Ice Beast         Ice/Summ       3%         N/A       41%         3
 Summon Mana Viper        Hex/Summ       3%         N/A       99%         5
 Monstrous Menagerie      Summ           1%         N/A       100%        7


Dungeon Overview and Level Annotations

Branches:
Dungeon (5/15)             Temple (1/1) D:5

Altars:
Gozag
Hepliaklqana
Kikubaaqudgha
Makhleb
Qazlal
Ru
Sif Muna
Uskayaw
Vehumet
Yredelemnul
Zin
The Shining One

Shops:
D:1 [

Annotations:
D:1 exclusion: downstairs
D:3 1 runed translucent door, kae's ghost, amateur DsSh
D:5 1 transporter


Innate Abilities, Weirdness & Mutations

You are very small and have problems with some larger weapons.
You are too small for most types of armour.
You have supernaturally acute eyesight. (SInv)
You cover ground extremely quickly. (Speed+++)


Message History

There is an open door here.
A scorpion comes into view.
Casting: Olgreb's Toxic Radiance (quite dangerous; 9% risk of failure)
Confirm with . or Enter, or press ? or * to list all spells.
You feel a surge of power!
You begin to radiate toxic energy.
The scorpion is poisoned.
The scorpion looks even sicker.
Your toxic aura wanes.
You kill the scorpion!
Your Spellcasting skill increases to level 4!
You now have 299 gold pieces (gained 5).
You see here a scorpion corpse.
You see here a scorpion corpse.
You open the door.
There is an open door here.
B - a coppery potion Partly explored, unvisited transporter.
Partly explored, unvisited transporter.
Search for what [Enter for "."]? .
Sorry, I don't know how to get there.
There is an open door here.
You open the door.
There is an open door here.
There is a transporter here.
You enter the transporter and appear at another place.
C - a wand of flame (15)
You open the door.
Casting: Olgreb's Toxic Radiance (quite dangerous; 9% risk of failure)
Confirm with . or Enter, or press ? or * to list all spells.
You feel a surge of power!
You begin to radiate toxic energy.
The electric eel is poisoned.
The electric eel shoots out a bolt of lightning at you!
The bolt of electricity hits you!
The electric eel shoots out a bolt of lightning at you!
The bolt of electricity hits you!
* * * LOW HITPOINT WARNING * * *
The electric eel looks even sicker.
You hit the plant but do no damage.
The electric eel looks even sicker.
The electric eel shoots out a bolt of lightning at you!
The bolt of electricity hits you!
You die...

#.##..#~.$.~#.# #.#
#.#...#~...~#.# #.#
#.....#~...~#.##########.#
#.....#~.⌠.~#............#
##....#S...~#.############
##...#~...~#.# ##..#~...S#.#
##.###'###.# #####.#P..@P#.#
#.....#ß.©.ß#.#
#..#..#######.######
#.#......©.........#
##....#.#...#.#####.########
#........#.....## #.........
#..#.##..##.....# ####.###.#
#........###...## #.# #.#
#.##.###.# ##.## #.# #.#


You could see 2 electric eels.

Vanquished Creatures
  A water moccasin (D:5)
  An ogre (D:4)
  5 scorpions
  A howler monkey (D:5)
  A hound (D:4)
  Ijyb (D:3)
  3 orc wizards
  5 adders
  4 ribbon worms
  2 dart slugs (D:1)
  14 orcs
  6 bats
  6 endoplasms
  3 giant cockroaches
  4 goblins
  3 hobgoblins
  6 jackals (D:2)
  4 quokkas
  6 ball pythons
  4 frilled lizards
  10 kobolds
  6 rats
96 creatures vanquished.

Notes
Turn   | Place    | Note
-------+----------+-------------------------------------------
     0 | D:1      | Autsider the Spriggan Alchemist began the quest for the
                  | Orb.
     0 | D:1      | Reached XP level 1. HP: 9/9 MP: 5/5
   198 | D:1      | Reached XP level 2. HP: 13/13 MP: 4/6
   200 | D:1      | Reached skill level 4 in Alchemy
   252 | D:1      | Found Orghuatt's Antique Armour Emporium.
   717 | D:2      | Reached XP level 3. HP: 16/16 MP: 4/8
   924 | D:2      | Reached skill level 5 in Alchemy
  1262 | D:2      | Reached XP level 4. HP: 21/21 MP: 2/9
  1267 | D:2      | Learned a level 4 spell: Olgreb's Toxic Radiance
  2000 | D:3      | Noticed Ijyb
  2001 | D:3      | Paralysed by Ijyb for 4 turns
  2010 | D:3      | Paralysed by Ijyb for 3 turns
  2016 | D:3      | Killed Ijyb
  2525 | D:3      | Found a faded altar of an unknown god.
  2737 | D:3      | Found a runed translucent door.
  2741 | D:3      | Noticed kae's ghost (amateur DsSh)
  3010 | D:4      | Identified a scroll of acquirement
  3132 | D:4      | Reached XP level 5. HP: 25/25 MP: 5/10
  3144 | D:4      | Reached skill level 1 in Fighting
  3160 | D:4      | Reached skill level 1 in Fire Magic
  3351 | D:4      | Reached skill level 1 in Maces & Flails
  3422 | D:4      | Reached skill level 6 in Alchemy
  3422 | D:4      | Reached XP level 6. HP: 30/30 MP: 4/11
  4112 | D:5      | Entered Level 5 of the Dungeon
  4118 | D:5      | Learned a level 4 spell: Sticky Flame
  4191 | D:5      | Found a transporter.
  4193 | D:5      | Found a transporter.
  4220 | D:5      | Noticed a water moccasin
  4228 | D:5      | Killed a water moccasin
  4229 | D:5      | Reached XP level 7. HP: 34/35 MP: 2/13
  4569 | D:5      | Found a staircase to the Ecumenical Temple.
  4579 | Temple   | Entered the Ecumenical Temple
  5208 | D:5      | Killed from afar by an electric eel

Illustrated notes

Levels and vault maps discovered:
D:1:      dpeg_arrival_tiny_k, layout_rooms, serial_shops,
          nicolae_shop_statue_plus, dreamdust_princess_corridor
D:2:      layout_loops_ring, minmay_heptomino_d4
D:3:      kennysheep_big_flooded_room, layout_basic,
          ebering_ghost_reflecting_pool, shapermc_ecumenical_altar_pompeii,
          uniq_ijyb
D:4:      layout_basic
D:5:      gammafunk_steamed_eel, layout_loops_corners,
          minmay_temple_entry_ruins, minmay_misc_feat_hallway
Temple:   nicolae_temple_ecumenical_triangle

Skill      XL: |  1  2  3  4  5  6  7 |
---------------+----------------------+-----
Alchemy        | 4 5 6 |  6.8
Dodging        | 3 |  3.0
Spellcasting   | 3 4 |  4.0
Fighting       | 1 2 |  2.8
Fire Magic     | 1 2 |  2.7
Maces & Flails | 1 |  1.8
Stealth        | |  3.0
Conjurations   | |  0.6

Action                     |  1- 3 |  4- 6 |  7- 9 || total
---------------------------+-------+-------+-------++-------
  Melee: Short sword       |    31 |       |       ||    31
         Staff             |     6 |    34 |     3 ||    43
   Cast: Sting             |    53 |    37 |     4 ||    94
         Olgreb's Toxic Ra |       |    19 |     5 ||    24
         Sticky Flame      |       |     1 |       ||     1
    Use: Scroll            |       |     4 |       ||     4
   Stab: Sleeping          |       |     1 |       ||     1
 Armour: Robe              |    16 |    16 |     3 ||    35
  Dodge: Dodged            |    58 |    28 |     2 ||    88

Table legend: (Time is in decaauts)
 A = Elapsed time spent in this place.
 B = Non-inter-level travel time spent in this place.
 C = Inter-level travel time spent in this place.
 D = Time resting spent in this place.
 E = Time spent auto-exploring this place.
 F = Levels seen in this place.
 G = Mean time per level.
                   A        B        C        D        E       F      G
               +--------+--------+--------+--------+--------+-----+--------+
         Total |   3909 |   3828 |     81 |      0 |   3317 |   6 |  651.5 |
       Dungeon |   3907 |   3827 |     80 |      0 |   3317 |   5 |  781.4 |
        Temple |      1 |      0 |      1 |      0 |      0 |   1 |    1.0 |
               +--------+--------+--------+--------+--------+-----+--------+

Top non-repeatable levels by time:
     D:3: 961 daAuts
     D:4: 879 daAuts
     D:5: 770 daAuts
     D:2: 671 daAuts
     D:1: 623 daAuts
  Temple: 1 daAuts
